 Dungeon Crawl Stone Soup version 0.29-a0-810-g3812dd5c9c (webtiles) character file.

Game seed: 4725372888124260418

2 Colgate the Sneak (level 1, 0/12 HPs)
             Began as a Kobold Brigand on July 4, 2022.
             Slain by a hobgoblin (3 damage)
             ... on level 1 of the Dungeon.
             The game lasted 00:00:12 (36 turns).

Colgate the Sneak (Kobold Brigand)                    Turns: 36, Time: 00:00:13

Health: 0/12       AC:  3    Str:  8    XL:     1   Next: 44%
Magic:  1/1        EV: 11    Int: 12    God:
Gold:   10         SH:  0    Dex: 16    Spells: 0/0 levels left

rFire   . . .      SeeInvis .   a - +2 dagger
rCold   . . .      Faith    .   (no shield)
rNeg    . . .      Spirit   .   b - +0 robe
rPois   .          Reflect  .   (no helmet)
rElec   .          Harm     .   c - +0 cloak
rCorr   .          Rampage  .   (no gloves)
Will    .....                   (no boots)
Stlth   ++++......              (no amulet)
HPRegen 0.04/turn               (no ring)
MPRegen 0.07/turn               (no ring)

@: constricted
A: small, no large weapons, nightstalker 3
a: no special abilities


You were on level 1 of the Dungeon.
You visited 1 branch of the dungeon, and saw 1 of its levels.

You collected 10 gold pieces.

Inventory:

Hand Weapons
 a - a +2 dagger (weapon)
Missiles
 d - 9 poisoned darts (quivered)
 e - 3 curare-tipped darts
Armour
 b - a +0 robe (worn)
 c - a +0 cloak (worn)
Potions
 f - a potion of mutation {unknown}


   Skills:
 - Level 2.1 Fighting
 + Level 3.1 Short Blades
 - Level 2.1 Throwing
 - Level 1.2 Dodging
 - Level 5.3 Stealth


You couldn't memorise any spells.
You didn't know any spells.
Your spell library was empty.

Dungeon Overview and Level Annotations

Branches:
Dungeon (1/15)

Altars:


Innate Abilities, Weirdness & Mutations

You are small and have problems with some larger weapons.
You are completely attuned to the shadows.


Message History

The jackal bites you but does no damage. x2
There are monsters nearby!
You hit the jackal but do no damage.
The jackal bites you but does no damage. x2
The ball python barely misses you. The ball python closely misses you.
The jackal bites you.
There are monsters nearby!
You are too injured to fight recklessly!
There are monsters nearby!
You are too injured to fight recklessly!
There are monsters nearby!
You are too injured to fight recklessly!
There are monsters nearby!
You are too injured to fight recklessly!
There are monsters nearby!
You hit the jackal.
You kill the jackal!
A hobgoblin comes into view.
The jackal misses you. The ball python completely misses you.
The ball python closely misses you.
Your Short Blades skill increases to level 3!
The jackal barely misses you. The ball python barely misses you. x2
You see here a jackal corpse.
You hit the jackal. The jackal closely misses you.
The ball python barely misses you. The ball python closely misses you.
You barely miss the jackal. The jackal bites you. The ball python misses you.
The ball python closely misses you.
The hobgoblin hits you but does no damage.
You hit the jackal but do no damage. The jackal barely misses you.
The ball python closely misses you. The ball python grabs you.
The ball python constricts you.
The jackal bites you but does no damage.
The hobgoblin hits you but does no damage.
You hit the jackal. The jackal barely misses you.
The ball python barely misses you. The ball python constricts you.
* * * LOW HITPOINT WARNING * * *
You hit the jackal.
You kill the jackal!
The hobgoblin hits you.
You die...

#.≈.<.≈.#
#.≈...≈.#
#.≈...§.#
#.≈...§.#
#.§§....#
###...###
##....##.
.>.......
...S@....
.?..g....
.........
...(.....
.........


You could see a hobgoblin and a ball python.

Vanquished Creatures
  3 jackals (D:1)
3 creatures vanquished.

Notes
Turn   | Place    | Note
-------+----------+-------------------------------------------
     0 | D:1      | Colgate the Kobold Brigand began the quest for the Orb.
     0 | D:1      | Reached XP level 1. HP: 12/12 MP: 1/1
    36 | D:1      | Slain by a hobgoblin

Illustrated notes

Levels and vault maps discovered:
D:1:      dreamdust_arrival_sigmund_warning, layout_rooms

Skill      XL: |  1 |
---------------+----+-----
Short Blades   | 3 |  3.1
Fighting       | |  2.1
Throwing       | |  2.1
Dodging        | |  1.2
Stealth        | |  5.3

Action                   || total
-------------------------++-------
Melee: Dagger            ||    10
Armor: Robe              ||     7
Dodge: Dodged            ||    18

Table legend: (Time is in decaauts)
 A = Elapsed time spent in this place.
 B = Non-inter-level travel time spent in this place.
 C = Inter-level travel time spent in this place.
 D = Time resting spent in this place.
 E = Time spent auto-exploring this place.
 F = Levels seen in this place.
 G = Mean time per level.
                   A        B        C        D        E       F      G
               +--------+--------+--------+--------+--------+-----+--------+
         Total |     34 |     34 |      0 |      0 |     19 |   1 |   34.0 |
       Dungeon |     34 |     34 |      0 |      0 |     19 |   1 |   34.0 |
               +--------+--------+--------+--------+--------+-----+--------+

Top non-repeatable levels by time:
     D:1: 34 daAuts
